 Dungeon Crawl Stone Soup version 0.28-a0-1227-ga9037bb4c8 (webtiles) character file.

Game seed: 3950678325727186833

3533 Gwenloh the Destroyer (level 9, -1/61 (62) HPs)
             Began as a White Draconian Conjurer on Dec 22, 2021.
             Was a Follower of Sif Muna.
             Engulfed by a steam dragon's steam (9 damage)
             ... on level 8 of the Dungeon.
             The game lasted 00:34:09 (11636 turns).

Gwenloh the Destroyer (White Draconian Conjurer)   Turns: 11636, Time: 00:34:09

HP:   -1/61 (62)    AC: 11    Str: 10 (11) XL:     9   Next: 82%
MP:   7/19          EV: 11    Int: 21 (22) God:    Sif Muna [*.....]
Gold: 428           SH:  0    Dex:  7 (9)  Spells: 11/21 levels left

rFire   . . .      SeeInvis .   y - +2 quarterstaff (chaos)
rCold   + + .      Faith    .   (shield currently unavailable)
rNeg    . . .      Spirit   .   (armour unavailable)
rPois   .          Reflect  .   (helmet restricted)
rElec   .          Harm     .   z - +1 cloak {Stlth+}
rCorr   .          Rampage  .   m - +0 pair of gloves
Will    .....                   i - +0 pair of boots
Stlth   ++........              (no amulet)
HPRegen 0.20/turn               u - ring of protection from cold
MPRegen 0.16/turn               (no ring)

@: very slightly contaminated, lightly drained
A: breathe frost, AC +7, unfitting armour, cold resistance 1, cold-blooded
a: Breathe Frost, Renounce Religion, Channel Magic


You were on level 8 of the Dungeon.
You worshipped Sif Muna.
Sif Muna was aware of your devotion.
You visited 2 branches of the dungeon, and saw 9 of its levels.
You also visited: Sewer.

You collected 428 gold pieces.

Inventory:

Hand Weapons
 c - a +0 spear
 y - a +2 quarterstaff of chaos (weapon)
Missiles
 s - 4 javelins
Armour
 i - a +0 pair of boots (worn)
 m - a +0 pair of gloves (worn)
 z - a +1 cloak of stealth (worn)
Jewellery
 u - a ring of protection from cold (left hand)
Wands
 l - a wand of polymorph (4)
 x - a wand of flame (8)
 C - a wand of iceblast (20)
Scrolls
 d - 7 scrolls of identify {unknown}
 f - 3 scrolls of teleportation {unknown}
 g - 3 scrolls of fear {unknown}
 n - 2 scrolls of blinking {unknown}
 o - a scroll of acquirement {unknown}
 q - 2 scrolls of enchant armour {unknown}
 v - a scroll of amnesia {unknown}
 w - 2 scrolls of enchant weapon {unknown}
 A - 2 scrolls of summoning {unknown}
 D - a scroll of holy word {unknown}
Potions
 a - 2 potions of flight {unknown}
 b - 2 potions of heal wounds {unknown}
 e - a potion of berserk rage {unknown}
 h - a potion of brilliance
 j - 3 potions of magic {unknown}
 k - a potion of cancellation {unknown}
 p - 3 potions of degeneration
 r - a potion of invisibility {unknown}
 t - 4 potions of might {unknown}
 B - a potion of resistance


   Skills:
 - Level 1.7 Dodging
 - Level 1.7 Stealth
 + Level 6.7 Spellcasting
 * Level 10.4 Conjurations
 + Level 5.7 Hexes
 + Level 4.0 Invocations


You had 11 spell levels left.
You knew the following spells:

 Your Spells              Type           Power      Damage    Failure   Level
a - Magic Dart            Conj           100%       1d8       1%          1
b - Searing Ray           Conj           100%       2d8       1%          2
c - Dazzling Flash        Conj/Hex       82%        N/A       1%          3
d - Fulminant Prism       Conj/Hex       20%        3d13      3%          4

Your spell library contained the following spells:

 Spells                   Type           Power      Damage    Failure   Level
 Slow                     Hex            100%       N/A       1%          1
 Confusing Touch          Hex            31%        N/A       2%          3
 Pain                     Necr           28%        1d5       9%          1
 Flame Wave               Conj/Fire      29%        2d6       11%         4
 Iskenderun's Mystic Bla  Conj/Tloc      29%        2d7       11%         4
 Blink                    Tloc           14%        N/A       14%         2
 Scorch                   Fire           14%        2d6       14%         2
 Yara's Violent Unravell  Hex/Tmut       9%         3d6       61%         5
 Agony                    Necr           7%         N/A       94%         5
 Excruciating Wounds      Necr           3%         N/A       94%         5
 Manifold Assault         Tloc           7%         N/A       94%         5
 Summon Cactus Giant      Summ           3%         N/A       100%        6
 Storm Form               Tmut/Air       3%         N/A       100%        7


Dungeon Overview and Level Annotations

Branches:
Dungeon (8/15)             Temple (1/1) D:4           Sewer (visited)
   Lair: D:8-11

Altars:
Ashenzari
Cheibriados
Dithmenos
Elyvilon
Fedhas
Gozag
Hepliaklqana
Kikubaaqudgha
Makhleb
Nemelex Xobeh
Okawaru
Ru
Sif Muna
Trog
Uskayaw
Vehumet
Wu Jian
Xom
Yredelemnul
Zin
The Shining One

Shops:
D:5 :


Innate Abilities, Weirdness & Mutations

You can breathe waves of freezing cold which knock back foes.
Your icy white scales are hard. (AC +7)
You cannot fit into any form of body armour.
Your flesh is cold resistant. (rC+)
You are cold-blooded and may be slowed by cold attacks.


Message History

The centaur completely misses you.
The centaur kicks you but does no damage.
You barely miss the centaur.
The centaur hits you but does no damage.
The centaur closely misses you. The centaur hits you with a +0 dagger.
The centaur kicks you but does no damage.
You hit the centaur. You burn the centaur.
The centaur is moderately wounded.
The centaur hits you with a +0 dagger. The centaur closely misses you.
The gargoyle hurls a stone arrow at you.
The stone arrow hits you! The centaur closely misses you.
The centaur kicks you but does no damage.
The gargoyle hurls a stone arrow at you.
The stone arrow misses you.
The centaur unwields a +0 dagger.
The centaur wields a +0 shortbow.
The centaur shoots an arrow.
The arrow hits you but does no damage.
Items here: ))) [[[.
The centaur shoots an arrow.
The arrow hits you.
A steam dragon comes into view.
The steam dragon hisses angrily.
The steam dragon breathes steam at you. The ball of steam hits you.
Casting: Searing Ray (safe; 1% risk of failure)
Confirm with . or Enter, or press ? or * to list all spells.
Aiming: Fulminant Prism (dangerous; 3% risk of failure)
Press: ? - help, Dir - move target You miscast Fulminant Prism.
You are very lightly contaminated with residual magic.
Nothing appears to happen.
The steam dragon breathes steam at you. The ball of steam hits you!!
* * * LOW HITPOINT WARNING * * *
You are engulfed in a cloud of scalding steam.
* * * LOW HITPOINT WARNING * * *
Okay, then.
It was a potion of degeneration.
There was something very wrong with that liquid.
You feel weakened.
You feel dopey.
You feel clumsy.
You are engulfed in a cloud of scalding steam.
You die...

#.###.##.# ..#####.########
##.#.## # #.#.........#..
###.## #.# #.#.## ##..#.### #
#.# #.# #.#.#.###.#.#c).. ###.#
#.# #.#.##.#.##.#)#.# ##..# #.#
#...###.###...# # ##.## #.#
##D#§##.#.##.#.# ##.# #)#
#§§#D#.###.#.#.# ##.# #.#
#@§#oc######.#.#
##.#####.#######§§#.........#..
##....).......)§§.#####9#######
.).......####.###)###.....#
########## #.##..##..###..#
...... >.##..#..## #..# ######
##.##..#..# ..# #.##....## ...
#.##..#.# #.


You could see a steam dragon.

Vanquished Creatures
  Joseph (D:7)
  2 steam dragons (D:7)
  2 water moccasins
  A black bear (D:8)
  2 orc warriors
  4 ice beasts
  3 sky beasts
  2 ogres (D:6)
  2 gnoll sergeants
  3 scorpions
  2 bullfrogs (D:7)
  6 wights (D:8)
  2 centaur zombies (D:5)
  3 jellies
  A bullfrog zombie (D:5)
  Crazy Yiuf (D:5)
  3 orc priests
  4 hounds
  3 centaur skeletons
  Ijyb (D:3)
  Jessica (D:2)
  Terence (D:1)
  An iguana (D:6)
  4 orc wizards
  A hound skeleton (D:4)
  A howler monkey zombie (D:6)
  Robin (D:2)
  7 gnolls
  4 river rats
  5 adders
  A white imp (D:6)
  An adder skeleton (D:4)
  A worm (D:4)
  A dart slug (D:5)
  13 orcs
  5 endoplasms
  3 giant cockroaches
  16 goblins
  9 hobgoblins
  4 jackals
  7 quokkas
  6 ball pythons
  2 bats
  13 frilled lizards
  11 kobolds
  10 rats
177 creatures vanquished.

Vanquished Creatures (others)
  8 fulminant prisms
  6 plants (D:2)
14 creatures vanquished.

Grand Total: 191 creatures vanquished

Notes
Turn   | Place    | Note
-------+----------+-------------------------------------------
     0 | D:1      | Gwenloh the Draconian Conjurer began the quest for the Orb.
     0 | D:1      | Reached XP level 1. HP: 14/14 MP: 3/3
   102 | D:1      | Found a faded altar of an unknown god.
   409 | D:1      | Reached XP level 2. HP: 20/20 MP: 5/5
   412 | D:1      | Learned a level 2 spell: Searing Ray
  1428 | D:2      | Reached XP level 3. HP: 26/26 MP: 2/7
  1442 | D:2      | Noticed Jessica
  1776 | D:2      | Noticed Terence
  1824 | D:1      | Killed Terence
  1902 | D:2      | Reached XP level 4. HP: 33/33 MP: 6/8
  1906 | D:2      | Learned a level 3 spell: Dazzling Flash
  2032 | D:2      | Noticed Robin
  2235 | D:2      | Reached skill level 5 in Conjurations
  2526 | D:2      | Killed Robin
  2919 | D:2      | Killed Jessica
  2920 | D:2      | Reached skill level 1 in Hexes
  2920 | D:2      | Reached XP level 5. HP: 38/38 MP: 1/10
  2935 | D:2      | Learned a level 4 spell: Fulminant Prism
  3128 | D:3      | Found an ornate altar of the Wu Jian Council.
  3656 | D:3      | Noticed a sky beast
  3668 | D:3      | Killed a sky beast
  3669 | D:3      | Reached skill level 6 in Conjurations
  3669 | D:3      | Reached XP level 6. HP: 45/45 MP: 5/11
  4039 | D:3      | Noticed Ijyb
  4061 | D:3      | Killed Ijyb
  4284 | D:3      | Found a hazy altar of Hepliaklqana.
  4284 | D:3      | Found a bloodstained altar of Trog.
  4284 | D:3      | Found a snail-covered altar of Cheibriados.
  4284 | D:3      | Found a broken altar of Ashenzari.
  4299 | D:3      | Found a radiant altar of Vehumet.
  4299 | D:3      | Found a white marble altar of Elyvilon.
  4578 | D:4      | Found a glowing golden altar of the Shining One.
  5627 | D:4      | Found a staircase to the Ecumenical Temple.
  5665 | Temple   | Entered the Ecumenical Temple
  5879 | D:5      | Entered Level 5 of the Dungeon
  5879 | D:5      | Found Qoboje Yneo's Book Shop.
  6016 | D:5      | Your scales start taking on an icy white colour.
  6016 | D:5      | Reached XP level 7. HP: 43/50 MP: 5/13
  6016 | D:5      | Gained mutation: Your flesh is cold resistant. (rC+) [White
                  | Draconian growth]
  6033 | D:5      | Found a glowing drain.
  6121 | Sewer    | Entered a sewer
  6815 | D:5      | Reached skill level 7 in Conjurations
  6994 | D:5      | Found a runed translucent door.
  6995 | D:5      | Noticed Crazy Yiuf
  7290 | D:5      | Reached XP level 8. HP: 57/57 MP: 7/15
  7482 | D:5      | Found a hide-covered altar of Uskayaw.
  7627 | D:5      | Killed Crazy Yiuf
  7628 | D:5      | Reached skill level 5 in Spellcasting
  7853 | D:6      | Reached skill level 8 in Conjurations
  8113 | D:6      | Found an opulent altar of Gozag.
  8275 | D:6      | Found a transporter.
  8327 | D:6      | Found a transporter.
  9301 | Temple   | Became a worshipper of Sif Muna the Loreminder
  9531 | D:6      | Reached skill level 9 in Conjurations
  9531 | D:6      | Reached skill level 1 in Invocations
  9703 | D:7      | Noticed Joseph
  9711 | D:6      | Reached XP level 9. HP: 62/62 MP: 13/17
  9750 | D:7      | Killed Joseph
  9927 | D:7      | Reached skill level 5 in Hexes
 10492 | D:7      | Reached skill level 10 in Conjurations
 10825 | D:7      | Found a shimmering altar of Xom.
 10837 | D:7      | Found a shadowy altar of Dithmenos.
 11561 | D:8      | Reached * piety under Sif Muna
 11573 | D:8      | Identified the +8 plate armour "Jocke" {Harm *Corrode rC+
                  | Str+2}
 11613 | D:8      | Noticed a gargoyle
 11636 | D:8      | Engulfed by a steam dragon's steam

Illustrated notes

Levels and vault maps discovered:
D:1:      eino_arrival_cavern_e, layout_basic,
          hellmonk_ecumenical_altar_blasted, corexii_hall_statues_x
D:2:      layout_basic, amethyst_killhole, nicolae_grassy_gnolls, uniq_robin,
          uniq_terence, uniq_jessica
D:3:      layout_basic, nzn_wu_jian_contemplation, minmay_overflow_temple_hex,
          nicolae_concentric_dashed_squares_mild, uniq_ijyb
D:4:      layout_loops_corners, mainiacjoe_overflow_concentric_impassable,
          minmay_temple_entry_nine_rooms, kennysheep_generic_room_6
D:5:      layout_gridville, mainiacjoe_overflow_boulevard, portal_sewer_entry_b,
          serial_shops, nicolae_square_shop, uniq_crazy_yiuf_cottage
D:6:      gammafunk_cloud_chamber, layout_basic,
          mainiacjoe_overflow_tiny_flanked, minmay_misc_feat_encased,
          hangedman_decor_riveting, st_stairs_8
D:7:      layout_basic, amethyst_overflow_temple_binary,
          minmay_misc_feat_rugged, uniq_joseph
D:8:      layout_loops_ring, nicolae_qazlal_general_emergency, serial_shops,
          nicolae_shop_stone, minmay_the_grid_2x2 [minmay_the_grid_holed_spiral,
          minmay_the_grid_box_x, minmay_the_grid_large_cup,
          minmay_the_grid_prize_shrinking_boxes]
Temple:   chequers_temple_sunken

Skill      XL: |  1  2  3  4  5  6  7  8  9 |
---------------+----------------------------+-----
Spellcasting   | 3 4 5 6 |  6.7
Conjurations   | 5 6 7 9 10 | 10.4
Hexes          | 1 2 3 4 5 |  5.7
Invocations    | 1 4 |  4.0
Dodging        | |  1.7
Stealth        | |  1.7

Action                   |  1- 3 |  4- 6 |  7- 9 || total
-------------------------+-------+-------+-------++-------
Melee: Spear             |     8 |    14 |    17 ||    39
       Tailslap          |     1 |     2 |     2 ||     5
       Quarterstaff      |       |       |    22 ||    22
 Cast: Magic Dart        |    38 |    98 |   102 ||   238
       Searing Ray       |     5 |    27 |    57 ||    89
       Fulminant Prism   |       |     2 |     6 ||     8
 Abil: Breathe Frost     |       |       |    13 ||    13
  Use: Potion            |       |     1 |     1 ||     2
 Stab: Sleeping          |       |       |     1 ||     1
Armor: Skin              |     4 |    16 |    50 ||    70
Dodge: Dodged            |    15 |    40 |    80 ||   135

Table legend: (Time is in decaauts)
 A = Elapsed time spent in this place.
 B = Non-inter-level travel time spent in this place.
 C = Inter-level travel time spent in this place.
 D = Time resting spent in this place.
 E = Time spent auto-exploring this place.
 F = Levels seen in this place.
 G = Mean time per level.
                   A        B        C        D        E       F      G
               +--------+--------+--------+--------+--------+-----+--------+
         Total |  11758 |  11075 |    683 |   2061 |   7214 |  10 | 1175.8 |
       Dungeon |  10858 |  10226 |    632 |   1863 |   6708 |   8 | 1357.2 |
        Temple |    286 |    235 |     51 |      0 |    218 |   1 |  286.0 |
         Sewer |    612 |    612 |      0 |    198 |    287 |   1 |  612.0 |
               +--------+--------+--------+--------+--------+-----+--------+

Top non-repeatable levels by time:
     D:6: 1806 daAuts
     D:1: 1605 daAuts
     D:2: 1512 daAuts
     D:4: 1476 daAuts
     D:3: 1285 daAuts
     D:7: 1248 daAuts
     D:5: 1243 daAuts
     D:8: 679 daAuts
   Sewer: 612 daAuts
  Temple: 286 daAuts
